 Dungeon Crawl Stone Soup version 0.19-a0-606-gee5277e (webtiles) character file.

541 Laan the Destroyer (level 7, -4/36 HPs)
             Began as a Deep Elf Fire Elementalist on June 12, 2016.
             Slain by an ice beast (16 damage)
             ... on level 5 of the Dungeon.
             The game lasted 00:09:43 (4713 turns).

Laan the Destroyer (Deep Elf Fire Elementalist)     Turns: 4713, Time: 00:09:43

Health: -4/36      AC:  2    Str:  5    XL:     7   Next: 5%
Magic:  11/13      EV: 13    Int: 22    God:
Gold:   191        SH:  0    Dex: 15    Spells: 3 memorised, 4 levels left

rFire  + . .     SeeInvis .     (no weapon)
rCold  x . .     Gourm    .     a - +0 robe
rNeg   . . .     Faith    .     (no shield)
rPois  .         Spirit   .     (no helmet)
rElec  .         Dismiss  .     (no cloak)
rCorr  .         Reflect  .     (no gloves)
SustAt .         Harm     .     (no boots)
MR     .....                    d - amulet of regeneration
Stlth  ++........               v - ring of wizardry
                                f - ring of fire

@: not resistant to hostile enchantments, unstealthy
A: no striking features
a: no special abilities


You were on level 5 of the Dungeon.
You were not hungry.

You visited 1 branch of the dungeon, and saw 5 of its levels.

You collected 191 gold pieces.

Inventory:

Armour
 a - a +0 robe (worn)
 r - a fire dragon hide
Jewellery
 d - an amulet of regeneration (around neck)
 f - a ring of fire (left hand)
 p - an uncursed amulet of rage {unknown}
 v - a ring of wizardry (right hand)
Scrolls
 k - 4 scrolls of remove curse
 m - 2 scrolls of identify
 t - a scroll of teleportation {unknown}
Potions
 e - a potion of ambrosia {unknown}
 g - a potion of flight {unknown}
 j - a potion of berserk rage {unknown}
 l - a potion of haste {unknown}
 o - a potion of degeneration {unknown}
 q - a potion of invisibility {unknown}
 s - a potion of beneficial mutation {unknown}
 u - a potion of agility {unknown}
Books
 b - a book of Flames

   Spells                             Type                      Level
   a - Flame Tongue                   Conjuration/Fire             1
   b - Throw Flame                    Conjuration/Fire             2
   c - Conjure Flame                  Conjuration/Fire             3
   d - Inner Flame                    Hexes/Fire                   3
   e - Sticky Flame                   Conjuration/Fire             4
   f - Fireball                       Conjuration/Fire             5
Comestibles
 c - 2 bread rations
 h - a royal jelly
 i - 3 fruits
 n - 2 meat rations
 w - 5 chunks of flesh


   Skills:
 - Level 2.4 Dodging
 - Level 2.4 Stealth
 - Level 3.0 Spellcasting
 + Level 8.2 Conjurations
 - Level 3.2 Fire Magic


You had 4 spell levels left.
You knew the following spells:

 Your Spells              Type           Power        Failure   Level  Hunger
a - Flame Tongue          Conj/Fire      #####        1%          1    None
b - Conjure Flame         Conj/Fire      #####...     1%          3    ###....
c - Sticky Flame          Conj/Fire      #####...     4%          4    ####...


Dungeon Overview and Level Annotations

Branches:
Dungeon (5/15)
 Temple: D:4-7

Altars:
Ashenzari
Cheibriados
Fedhas
Hepliaklqana
Kikubaaqudgha
Nemelex Xobeh
Ru
Xom
The Shining One


Message History

Casting: Flame Tongue
Confirm with . or Enter, or press ? or * to list all spells.
Aiming: Flame Tongue
Press: ? - help, Shift-Dir - straight line, f - ice beast
Aim: an ice beast (resting)
You feel a surge of power!
The flame tongue hits the ice beast.
The ice beast melts!
The ice beast is lightly wounded.
The ice beast hits you. The ice beast freezes you!!
You feel a terrible chill!
Ouch! That really hurt!
Casting: Flame Tongue
Confirm with . or Enter, or press ? or * to list all spells.
Aiming: Flame Tongue
Press: ? - help, Shift-Dir - straight line, f/p - ice beast
Aim: an ice beast (lightly wounded)
You feel a surge of power!
The flame tongue hits the ice beast.
The ice beast melts!
The ice beast is moderately wounded.
The ice beast hits you. The ice beast freezes you!
You feel a terrible chill!
You die...

######
#.....#
.......##
........#
........#
......Y.#
.......@#
........#
.........
..$.......
...........
#.##........
# ..#.#.....
..##. .)....


You could see an ice beast.

Vanquished Creatures
  The ghost of jedvagenij the Skirmisher, an amateur MiFi (D:3)
  4 orc wizards
  3 iguanas (D:4)
  A worker ant (D:3)
  5 adders
  2 oozes
  A worm (D:2)
  4 giant geckos
  22 orcs
  6 giant cockroaches
  9 goblins
  9 hobgoblins
  8 jackals
  9 kobolds
  A ball python (D:1)
  9 bats
  5 giant newts
  A jackal skeleton (D:4)
  13 rats
113 creatures vanquished.

Vanquished Creatures (others)
  5 sheep (D:4)
5 creatures vanquished.

Grand Total: 118 creatures vanquished

Notes
Turn   | Place    | Note
--------------------------------------------------------------
     0 | D:1      | Laan the Deep Elf Fire Elementalist began the quest for the Orb.
     0 | D:1      | Reached XP level 1. HP: 10/10 MP: 6/6
    74 | D:1      | Reached skill level 2 in Conjurations
   127 | D:1      | Reached XP level 2. HP: 7/15 MP: 1/8
   727 | D:1      | Reached skill level 3 in Conjurations
   798 | D:1      | Found a shattered altar of Ashenzari.
  1067 | D:1      | Reached XP level 3. HP: 19/19 MP: 7/9
  1257 | D:2      | Found a faded altar of an unknown god.
  1400 | D:2      | Reached skill level 4 in Conjurations
  1596 | D:2      | Reached XP level 4. HP: 23/24 MP: 2/10
  1677 | D:2      | Found a blossoming altar of Fedhas.
  2124 | D:2      | Found a glowing golden altar of the Shining One.
  2130 | D:2      | Found a hazy altar of Hepliaklqana.
  2131 | D:2      | Found a snail-covered altar of Cheibriados.
  2131 | D:2      | Found a sacrificial altar of Ru.
  2131 | D:2      | Found an ancient bone altar of Kikubaaqudgha.
  2133 | D:2      | Found a sparkling altar of Nemelex Xobeh.
  2318 | D:3      | Reached skill level 5 in Conjurations
  2439 | D:3      | Reached XP level 5. HP: 28/28 MP: 6/11
  2619 | D:3      | Reached skill level 6 in Conjurations
  2999 | D:3      | Noticed jedvagenij's ghost (amateur MiFi)
  3096 | D:3      | Learned a level 3 spell: Conjure Flame
  3101 | D:3      | Learned a level 4 spell: Sticky Flame
  3496 | D:3      | Killed jedvagenij's ghost
  3496 | D:3      | Reached skill level 7 in Conjurations
  3496 | D:3      | Reached XP level 6. HP: 32/32 MP: 1/12
  4198 | D:4      | Reached skill level 8 in Conjurations
  4492 | D:4      | Reached XP level 7. HP: 36/36 MP: 8/13
  4604 | D:4      | Found a shimmering altar of Xom.
  4711 | D:5      | Entered Level 5 of the Dungeon
  4713 | D:5      | Slain by an ice beast

Vault maps used:
D:1:      dpeg_chamrin_arrival_tetris, ashenzari_altar_1
D:2:      marbit_many_paths, minitemple, ecumenical_altar_1, first_bread,
          kennysheep_generic_room_9
D:3:      kennysheep_generic_room_10
D:4:      kb_xom_exploding_sheep
D:5:      lemuel_castle_with_subvaults, led_sif_pool

Skill      XL: |  1  2  3  4  5  6 |
---------------+-------------------+-----
Conjurations   | 2 3 4 5 7 8 |  8.2
Dodging        | |  2.4
Stealth        | |  2.4
Spellcasting   | |  3.0
Fire Magic     | |  3.2

Action                   |  1- 3 |  4- 6 |  7- 9 || total
-------------------------+-------+-------+-------++-------
Melee: Unarmed           |       |    14 |       ||    14
 Cast: Flame Tongue      |    72 |   139 |     6 ||   217
       Conjure Flame     |       |     1 |       ||     1
  Use: Scroll            |     3 |     1 |       ||     4
  Eat: Chunk             |     2 |     9 |       ||    11
Armor: Robe              |     7 |     8 |       ||    15
Dodge: Dodged            |     9 |    22 |       ||    31
